 Dungeon Crawl Stone Soup version 0.29-a0-620-g13ace881f2 (webtiles) character file.

Game seed: 5489839044975152934

11828 IdlyInterested the Basher (level 11, 0/81 HPs)
             Began as a Demonspawn Fighter on June 18, 2022.
             Succumbed to a water moccasin's poison
             ... on level 1 of the Lair of Beasts.
             The game lasted 00:41:49 (14315 turns).

IdlyInterested the Basher (Demonspawn Fighter)     Turns: 14315, Time: 00:41:49

Health: 0/81       AC: 12    Str: 22    XL:     11   Next: 54%
Magic:  14/14      EV: 18    Int: 15    God:
Gold:   377        SH:  0    Dex: 17    Spells: 14/14 levels left

rFire   . . .      SeeInvis .   a - +0 flail (vorpal)
rCold   . . .      Faith    .   c - +1 buckler
rNeg    . . .      Spirit   .   K - +3 ring mail "Waloa" {Dex+5}
rPois   .          Reflect  .   (no helmet)
rElec   .          Harm     .   l - +0 cloak
rCorr   .          Rampage  .   t - +0 pair of gloves
Will    .....                   (no boots)
Stlth   ..........              (no amulet)
HPRegen 0.23/turn               y - +6 ring of strength
MPRegen 0.28/turn               u - +4 ring of evasion

@: confused, lethally poisoned (0 -> -26), studying Evocations
A: hooves 2, large bone plates 2, magic regeneration
a: no special abilities


You were on level 1 of the Lair of Beasts.
You visited 3 branches of the dungeon, and saw 11 of its levels.
You also visited: Ossuary.

You collected 677 gold pieces.
You spent 300 gold pieces at shops.

Inventory:

Hand Weapons
 a - a +0 vorpal flail (weapon)
 i - a +0 whip of draining
 U - a +1 morningstar
Missiles
 e - 17 poisoned darts
 k - 420 stones
 o - 6 atropa-tipped darts
 B - 2 silver javelins
 H - 4 boomerangs (quivered)
Armour
 b - a +0 robe of cold resistance
 c - a +1 buckler (worn)
 f - a +0 plate armour
 l - a +0 cloak (worn)
 s - a +2 ring mail of willpower
 t - a +0 pair of gloves (worn)
 v - a +1 ring mail of fire resistance
 K - the +3 ring mail "Waloa" (worn) {Dex+5}
   (You found it on level 6 of the Dungeon)

   Dex:       It affects your dexterity (+5).
Magical Staves
 V - a staff of death
Jewellery
 g - a ring of resist corrosion
 u - a +4 ring of evasion (right hand)
 x - a ring of protection from fire
 y - a +6 ring of strength (left hand)
 P - a +6 ring of intelligence
 S - a ring of magical power
 X - a ring of positive energy
Wands
 M - a wand of mindburst (1)
 O - a wand of iceblast (11)
 W - a wand of quicksilver (11)
Scrolls
 d - 4 scrolls of identify
 j - 6 scrolls of fear
 p - 2 scrolls of poison
 A - 4 scrolls of teleportation
 E - 2 scrolls of magic mapping
 F - 3 scrolls of enchant armour
 G - a scroll of brand weapon
 L - a scroll of summoning
 N - a scroll of amnesia
 Q - a scroll of immolation
 R - 2 scrolls of torment
 Z - a scroll of enchant weapon
Potions
 h - 4 potions of curing
 m - 2 potions of might
 n - 2 potions of cancellation
 q - a potion of lignification
 r - 2 potions of magic
 w - a potion of invisibility
 z - 8 potions of mutation
 C - a potion of attraction
 D - 2 potions of heal wounds
 I - a potion of brilliance
 J - a potion of ambrosia
Miscellaneous
 Y - a lightning rod (3/4)


   Skills:
 - Level 6.0 Fighting
 * Level 11.1 Maces & Flails
 - Level 2.0 Throwing
 + Level 6.6 Armour
 - Level 6.0 Dodging
 - Level 6.0 Shields
 - Level 2.0 Spellcasting
 - Level 2.0 Invocations
 * Level 8.0 Evocations


You had 14 spell levels left.
You didn't know any spells.
Your spell library contained the following spells:

 Spells                   Type           Power      Damage    Failure   Level
 Shock                    Conj/Air       4%         1d3       38%         1
 Ensorcelled Hibernation  Hex/Ice        2%         N/A       54%         2
 Passwall                 Tmut/Erth      0%         N/A       54%         2
 Sublimation of Blood     Necr           1%         N/A       54%         2
 Inner Flame              Hex/Fire       1%         N/A       77%         3
 Swiftness                Air            1%         N/A       77%         3
 Cause Fear               Hex            0%         N/A       99%         4
 Petrify                  Tmut/Erth      1%         N/A       99%         4
 Borgnjor's Vile Clutch   Necr/Erth      0%         N/A       100%        5
 Irradiate                Conj/Tmut      0%         3d13      100%        5
 Discord                  Hex            0%         N/A       100%        8
 Chain Lightning          Conj/Air       0%         2d1       100%        9


Dungeon Overview and Level Annotations

Branches:
Dungeon (9/15)             Temple (1/1) D:5            Lair (1/6) D:9
Ossuary (visited)
    Orc: D:9-12

Altars:
Ashenzari
Cheibriados
Dithmenos
Elyvilon
Fedhas
Gozag
Hepliaklqana
Kikubaaqudgha
Nemelex Xobeh
Okawaru
Qazlal
Ru
Sif Muna
Trog
Uskayaw
Wu Jian
Xom
Yredelemnul
Zin
The Shining One

Shops:
D:2 !   D:7 ?   D:9 *


Innate Abilities, Weirdness & Mutations

You have hoof-like feet.
You are mostly covered in large bone plates. (SH +6)
You regenerate magic rapidly.


Message History

The water moccasin attacks as you move away!
The water moccasin misses you.
You feel very sick.
The adder hisses angrily.
The adder seems less confused.
You block the water moccasin's attack. Why would you want to do that?
The water moccasin attacks as you move away!
The water moccasin misses you.
You feel very sick. The water moccasin barely misses you.
Why would you want to do that?
The water moccasin attacks as you move away!
The water moccasin misses you.
You feel sick. You block the water moccasin's attack.
You feel sick.
The water moccasin completely misses you.
You block the water moccasin's attack.
You feel sick. The water moccasin bites you.
* * * LOW HITPOINT WARNING * * *
The water moccasin barely misses you. You block the water moccasin's attack.
The water moccasin attacks as you move away!
You block the water moccasin's attack.
You feel sick.
The water moccasin bites you but does no damage.
You block the water moccasin's attack. The water moccasin bites you.
* * * LOW HITPOINT WARNING * * *
You are lethally poisoned!
The water moccasin poisons you!
* * * LOW HITPOINT WARNING * * *
You feel very sick. The swamp drake breathes poison at you.
The noxious blast engulfs the water moccasin but does no damage.
You block the water moccasin's attack. The water moccasin bites you.
* * * LOW HITPOINT WARNING * * *
You are more poisoned.
The water moccasin poisons you!
You miss the water moccasin. Your kick misses the water moccasin.
The water moccasin is heavily wounded.
You are engulfed in noxious fumes.
You choke on the stench!
You are confused.
You die...

.# #.≈ #≈≈≈### #.+.. .#
#...###≈≈≈≈≈# #.#.. .#
#...##≈≈#(# #..## .# #†.S†S≈#...
#.... .# #####k≈###..# #.... .#
##.○###### #.... .# ######..≈○S##
#....
.#####.......≈SS○############....
.............○SS@S..........[....
...............○S○.....#.##......
..............†.......#..........
................÷.....#....#.....
.......................###+#.....
........................†........
##..##P######P###.###############
####### ### ###


You could see a swamp drake (catching breath), 7 water moccasins and 2 adders.

Vanquished Creatures
  A hydra (Lair:1)
  A two-headed ogre (D:9)
  A centaur warrior (D:9)
  A cyclops (D:9)
  2 manticores
  A cane toad (Lair:1)
  A komodo dragon (Lair:1)
  A kobold demonologist (D:9)
  A troll (D:9)
  5 wyverns (D:9)
  3 yaks (D:9)
  Grum (D:8)
  A vampire mosquito (D:9)
  17 water moccasins
  An orc warrior (D:4)
  2 ice beasts
  2 sky beasts
  2 centaurs
  4 wolves (D:8)
  A phantom (D:6)
  A kobold brigand (D:8)
  3 necrophages
  2 bullfrogs (Lair:1)
  3 scorpions
  14 wights
  11 killer bees
  A howler monkey (D:9)
  3 electric eels (Lair:1)
  2 hounds (D:6)
  3 orc priests
  A gnoll shaman (D:7)
  4 iguanas (D:6)
  7 orc wizards
  11 mummies (Ossuary)
  6 gnolls (D:7)
  24 adders
  3 ufetubi
  3 worms (D:2)
  The ghost of DocClef the Sneak, a weakling DrDe (D:6)
  A dart slug (D:3)
  22 orcs
  7 ball pythons
  7 endoplasms
  3 giant cockroaches
  9 goblins
  5 hobgoblins
  4 jackals (D:5)
  4 quokkas
  5 bats
  4 frilled lizards
  2 gnoll skeletons (Ossuary)
  A goblin skeleton (Ossuary)
  6 kobolds
  3 kobold skeletons (Ossuary)
  2 orc skeletons (Ossuary)
  5 rats
  11 rat skeletons (Ossuary)
253 creatures vanquished.

Vanquished Creatures (collateral kills)
  A two-headed ogre (D:9)
  A wight (D:9)
2 creatures vanquished.

Vanquished Creatures (others)
  An ugly thing (D:6)
  An ogre (D:6)
  An iguana (D:6)
  An adder (Lair:1)
  An orc (D:6)
  10 fungi
  18 plants
33 creatures vanquished.

Grand Total: 288 creatures vanquished

Notes
Turn   | Place    | Note
-------+----------+-------------------------------------------
     0 | D:1      | IdlyInterested the Demonspawn Fighter began the quest for
                  | the Orb.
     0 | D:1      | Reached XP level 1. HP: 18/18 MP: 1/1
   161 | D:1      | Reached skill level 2 in Maces & Flails
   231 | D:1      | Gained mutation: You are partially covered in large bone
                  | plates. (SH +4) [demonic ancestry]
   231 | D:1      | Reached XP level 2. HP: 22/24 MP: 2/2
   443 | D:1      | You fall into a shaft and drop 1 floor!
   486 | D:1      | Reached skill level 1 in Dodging
  1403 | D:2      | Gained mutation: You have large cloven feet. [demonic
                  | ancestry]
  1403 | D:2      | Reached XP level 3. HP: 29/29 MP: 3/3
  1774 | D:2      | Found a faded altar of an unknown god.
  2045 | D:2      | Reached XP level 4. HP: 29/35 MP: 4/4
  2103 | D:2      | Found Yrchev's Distillery.
  2153 | D:2      | Found a sacrificial altar of Ru.
  2512 | D:2      | Bought a potion of heal wounds for 60 gold pieces
  2681 | D:3      | Found a hazy altar of Hepliaklqana.
  2889 | D:3      | Found a bloodstained altar of Trog.
  3067 | D:4      | Noticed an orc warrior
  3074 | D:4      | Reached skill level 3 in Maces & Flails
  3085 | D:4      | Noticed a scorpion
  3087 | D:4      | Killed an orc warrior
  3088 | D:4      | Reached XP level 5. HP: 29/41 MP: 5/5
  3110 | D:4      | Reached skill level 4 in Maces & Flails
  3110 | D:4      | Gained mutation: You are mostly covered in large bone
                  | plates. (SH +6) [demonic ancestry]
  3110 | D:4      | Reached XP level 6. HP: 28/47 MP: 6/6
  3547 | D:4      | Reached skill level 1 in Evocations
  4221 | D:2      | Bought a potion of mutation for 96 gold pieces
  4329 | D:5      | Entered Level 5 of the Dungeon
  4490 | D:5      | Found a staircase to the Ecumenical Temple.
  4500 | Temple   | Entered the Ecumenical Temple
  4867 | D:5      | Found an ancient bone altar of Kikubaaqudgha.
  5150 | D:6      | Noticed DocClef's ghost (weakling DrDe)
  5167 | D:6      | Gained mutation: You regenerate magic rapidly. [demonic
                  | ancestry]
  5167 | D:6      | Reached XP level 7. HP: 49/52 MP: 7/7
  5256 | D:6      | Noticed a red ugly thing
  5261 | D:6      | Found a transporter.
  5263 | D:6      | Noticed a manticore
  5265 | D:6      | Found a transporter.
  5416 | D:6      | Reached skill level 5 in Maces & Flails
  5445 | D:6      | Found a sand-covered staircase.
  5497 | D:6      | Reached skill level 1 in Invocations
  5511 | Ossuary  | Entered an ossuary
  5860 | Ossuary  | Reached skill level 1 in Spellcasting
  6005 | Ossuary  | Gained mutation: You have hoof-like feet. [demonic
                  | ancestry]
  6005 | Ossuary  | Reached XP level 8. HP: 52/60 MP: 9/9
  6125 | D:6      | Reached skill level 1 in Throwing
  6179 | D:6      | Reached skill level 6 in Maces & Flails
  6640 | D:6      | Identified the +3 ring mail "Waloa" {Dex+5}
  6899 | D:6      | Identified a scroll of acquirement
  6899 | D:6      | Acquired a manual of Evocations
  7042 | D:2      | Bought a potion of might for 48 gold pieces
  7042 | D:2      | Bought a potion of mutation for 96 gold pieces
  7196 | D:6      | Killed a red ugly thing
  7199 | D:6      | Killed DocClef's ghost
  7211 | D:6      | Killed a manticore
  7490 | D:7      | Found Pouwnih's Magic Scroll Emporium.
  7546 | D:7      | Found a blossoming altar of Fedhas.
  7555 | D:7      | Reached skill level 7 in Maces & Flails
  7555 | D:7      | Reached skill level 5 in Armour
  7611 | D:7      | Reached skill level 5 in Dodging
  7618 | D:7      | Reached XP level 9. HP: 19/65 MP: 10/10
  9203 | D:8      | Reached skill level 8 in Maces & Flails
  9547 | D:8      | Noticed Grum
  9567 | D:8      | Killed Grum
  9568 | D:8      | Reached skill level 5 in Evocations
 10584 | D:9      | Noticed a two-headed ogre
 10586 | D:9      | Noticed a troll
 10592 | D:9      | Reached XP level 10. HP: 62/70 MP: 11/11
 10601 | D:9      | Killed a two-headed ogre
 10602 | D:9      | Reached skill level 9 in Maces & Flails
 10850 | D:9      | Noticed a two-headed ogre
 10858 | D:9      | Killed a two-headed ogre
 10859 | D:9      | Reached skill level 5 in Fighting
 11103 | D:9      | Reached skill level 5 in Shields
 11297 | D:9      | Reached skill level 10 in Maces & Flails
 11427 | D:9      | Noticed a cyclops
 11442 | D:9      | Killed a cyclops
 11443 | D:9      | Reached XP level 11. HP: 32/81 MP: 12/12
 11469 | D:9      | Noticed a centaur warrior
 12103 | D:9      | Got the Disquisition on Conjuration and Stones
 12183 | D:9      | Found Uthravuorr's Gadget Gallery.
 12186 | D:9      | Found a staircase to the Lair.
 12463 | D:9      | Killed a centaur warrior
 12914 | Lair:1   | Entered Level 1 of the Lair of Beasts
 13788 | Lair:1   | Noticed an eight-headed hydra
 13800 | Lair:1   | HP: 2/81 [eight-headed hydra (5)]
 13801 | Lair:1   | Killed an eight-headed hydra
 13802 | Lair:1   | Reached skill level 11 in Maces & Flails
 14315 | Lair:1   | Succumbed to a water moccasin's poison

Illustrated notes

Levels and vault maps discovered:
D:1:      dpeg_arrival_three_bigger_balls, layout_loops_ring,
          minmay_statues_item
D:2:      layout_loops_ring, nicolae_ecumenical_snake_handling, basic_altar,
          serial_shops, nicolae_shop_hallway_plus, kennysheep_generic_room_12
D:3:      layout_rooms, trog_book, overflow_temple_1_default
D:4:      layout_loops_corners, hangedman_decor_clover_reticule,
          dk_noncrumbling_4
D:5:      layout_cave_pools, lemuel_tele_altar, minmay_temple_entry_grid,
          water_maze_lemuel
D:6:      layout_basic, gammafunk_ghost_arena,
          nicolae_ossuary_entry_false_entrances
D:7:      layout_basic, fedhas_altar_3, serial_shops, kennysheep_mini_moat
D:8:      layout_layer_cave, uniq_grum
D:9:      minmay_blocky_corners, layout_long_grid, minmay_lair_entry_grove,
          nicolae_shop_gadgets
Temple:   nicolae_temple_elliptical
Lair:1:   lemuel_reptile_caves, layout_chaotic_city,
          infiniplex_staircase_pool_2, lemuel_fruit_fields, serial_bayou_shore_a

Skill      XL: |  1  2  3  4  5  6  7  8  9 10 11 |
---------------+----------------------------------+-----
Maces & Flails | 2 3 4 5 7 8 10 11 | 11.1
Dodging        | 1 2 3 5 6 |  6.0
Armour         | 3 4 5 6 |  6.6
Shields        | 3 6 |  6.0
Evocations     | 2 3 6 8 |  8.0
Fighting       | 4 5 6 |  6.0
Invocations    | 1 2 |  2.0
Spellcasting   | 1 2 |  2.0
Throwing       | 1 2 |  2.0

Action                   |  1- 3 |  4- 6 |  7- 9 | 10-12 || total
-------------------------+-------+-------+-------+-------++-------
Melee: Flail             |    21 |   128 |   396 |   335 ||   880
       Whip              |   108 |    12 |       |       ||   120
       Kick              |    16 |    26 |   117 |   101 ||   260
Throw: Dart              |       |       |     5 |     1 ||     6
       Boomerang         |       |       |     3 |     4 ||     7
       Stone             |       |       |     1 |       ||     1
       Javelin           |       |       |       |     1 ||     1
Evoke: Wand              |       |       |     1 |     8 ||     9
       Lightning rod     |       |       |       |     1 ||     1
  Use: Scroll            |       |    14 |    13 |       ||    27
       Potion            |       |     3 |     7 |     2 ||    12
Armor: Plate armour      |    62 |    94 |    58 |       ||   214
       Ring mail         |       |       |    42 |    72 ||   114
Dodge: Dodged            |    16 |    51 |   171 |   201 ||   439
Block: Buckler           |    41 |    73 |   205 |   232 ||   551

Table legend: (Time is in decaauts)
 A = Elapsed time spent in this place.
 B = Non-inter-level travel time spent in this place.
 C = Inter-level travel time spent in this place.
 D = Time resting spent in this place.
 E = Time spent auto-exploring this place.
 F = Levels seen in this place.
 G = Mean time per level.
                   A        B        C        D        E       F      G
               +--------+--------+--------+--------+--------+-----+--------+
         Total |  14407 |  13290 |   1117 |   3147 |   7167 |  12 | 1200.6 |
       Dungeon |  12251 |  11134 |   1117 |   2175 |   6550 |   9 | 1361.2 |
        Temple |    145 |    145 |      0 |      0 |    126 |   1 |  145.0 |
          Lair |   1403 |   1403 |      0 |    675 |    491 |   1 | 1403.0 |
       Ossuary |    606 |    606 |      0 |    297 |      0 |   1 |  606.0 |
               +--------+--------+--------+--------+--------+-----+--------+

Top non-repeatable levels by time:
     D:9: 2327 daAuts
     D:6: 1598 daAuts
     D:8: 1454 daAuts
     D:2: 1444 daAuts
  Lair:1: 1403 daAuts
     D:7: 1322 daAuts
     D:1: 1297 daAuts
     D:4: 1278 daAuts
     D:5: 864 daAuts
     D:3: 662 daAuts
 Ossuary: 606 daAuts
  Temple: 145 daAuts
